 Dungeon Crawl Stone Soup version 0.31-a0-851-g7ff8af7976 (webtiles) character file.

Game seed: 14741843989489555229

23 Oronoi the Protected (level 2, -3/20 HPs)
             Began as a Gnoll Wanderer on Oct 6, 2023.
             Slain by a goblin
             ... wielding a +0 club
             ... led by Robin
              (6 damage)
             ... on level 2 of the Dungeon.
             The game lasted 00:07:18 (1562 turns).

Oronoi the Protected (Gnoll Wanderer)               Turns: 1562, Time: 00:07:19

Health: -3/20      AC: 11    Str: 12    XL:     2   Next: 95%
Magic:  5/5        EV:  6    Int: 12    God:
Gold:   63         SH:  4    Dex:  9    Spells: 5/6 levels left

rFire   . . .        a - +0 club
rCold   . . .        b - +0 buckler
rNeg    . . .        f - +0 chain mail
rPois   .            (no helmet)
rElec   .            (no cloak)
rCorr   .            (no gloves)
SInv    .            (no boots)
Will    .....        (no amulet) Stlth
                     j - ring of flight
HPRegen 0.23/turn    (no ring)
MPRegen 0.09/turn

%: no passive effects
@: flying
A: fangs 1, strong nose, distributed training
a: no special abilities


You were on level 2 of the Dungeon.
You visited 1 branch of the dungeon, and saw 2 of its levels.

You collected 63 gold pieces.

Inventory:

Hand Weapons
 a - a +0 club (weapon)
 g - a +0 short sword
Armour
 b - a +0 buckler (worn)
 d - a +2 scale mail
 f - a +0 chain mail (worn)
Jewellery
 j - a ring of flight (left hand)
 k - a ring of protection from cold
 m - a ring of ice
Scrolls
 c - 2 scrolls of blinking
 l - a scroll of enchant armour
 n - a scroll of teleportation {unknown}
 p - a scroll of poison {unknown}
Potions
 e - a potion of heal wounds {unknown}
 h - a potion of brilliance {unknown}
 i - a potion of degeneration {unknown}
 o - a potion of attraction {unknown}


   Skills:
 + Level 0.5 Fighting
 + Level 0.5 Short Blades
 + Level 0.5 Long Blades
 + Level 0.5 Axes
 + Level 0.5 Maces & Flails
 + Level 0.5 Polearms
 + Level 0.5 Staves
 + Level 0.5 Ranged Weapons
 + Level 2.5 Throwing
 + Level 10.4 Armour
 + Level 0.5 Dodging
 + Level 0.5 Stealth
 + Level 4.5 Shields
 + Level 0.5 Unarmed Combat
 + Level 2.7 Spellcasting
 + Level 0.4 Conjurations
 + Level 2.0 Hexes
 + Level 0.4 Summonings
 + Level 0.4 Necromancy
 + Level 0.4 Translocations
 + Level 0.4 Transmutations
 + Level 0.4 Fire Magic
 + Level 0.4 Ice Magic
 + Level 0.4 Air Magic
 + Level 0.4 Earth Magic
 + Level 0.4 Poison Magic
 + Level 0.7 Invocations
 + Level 0.5 Evocations
 + Level 0.5 Shapeshifting


You had 5 spell levels left.
You knew the following spells:

 Your Spells              Type           Power      Damage    Failure   Level
a - Slow                  Hex            24%        N/A       89%         1

Your spell library contained the following spells:

 Spells                   Type           Power      Damage    Failure   Level
 Tukima's Dance           Hex            6%         N/A       99%         3


Dungeon Overview and Level Annotations

Branches:
Dungeon (2/15)

Altars:

Annotations:
D:2 Robin


Innate Abilities, Weirdness & Mutations

You have very sharp teeth.
Your uncanny sense of smell can sniff out nearby items.
Your experience applies equally to all skills.


Message History

You kill the bat!
Found 9 gold pieces.
n - a scroll labelled VAODIC BEYDETU You now have 63 gold pieces (gained 9).
You reach down and open the door.
Robin and 3 goblins come into view.
The goblin shouts!
You hit Robin.
Robin is lightly wounded.
Robin says, "My goblins will feast on your bones."
Robin hits you but does no damage. x2
You barely miss Robin.
Robin is lightly wounded.
Robin roars a battlecry!
The goblins go into a battle-frenzy!
You hit Robin.
Robin is heavily wounded.
Robin throws the goblin at you! The goblin hits you with a +0 club.
You barely miss Robin.
Robin is heavily wounded.
Robin says, "Kneel, worm!"
Robin throws the goblin at you! The goblin hits you but does no damage.
The goblin hits you with a +0 club. The goblin closely misses you.
The goblin hits you but does no damage.
You hit the goblin but do no damage. Robin hits you but does no damage.
The goblin hits you with a +0 club. The goblin hits you but does no damage.
The goblin barely misses you.
You barely miss the goblin. Robin hits you with a +0 falchion.
You block the goblin's attack. The goblin hits you with a +0 club.
The goblin barely misses you.
You closely miss the goblin. Robin hits you with a +0 falchion.
* * * LOW HITPOINT WARNING * * *
You block the goblin's attack. The goblin barely misses you. x2
You closely miss the goblin. Robin throws the goblin at you!
The goblin hits you with a +0 club.
* * * LOW HITPOINT WARNING * * *
You block the goblin's attack. The goblin barely misses you.
Robin closely misses you.
The goblin hits you but does no damage. x2
The goblin hits you with a +0 club.
You die...

### ... ### #. #.. #.
#.#### .#.#.#. #.#..####
........ ##g#......
#.#.#.#. #g@g..######.
...#. #g.................
......... #.....####
#.....#. ..........#
####...#########.#.
..........# #......... .
#) ...(......# #...######
####.
..........########...####
......
............<...........#
#####.
...........#######...##.#
####.


You could see Robin and 3 goblins.

Vanquished Creatures
  A dart slug (D:2)
  5 bats
  An endoplasm (D:2)
  2 giant cockroaches
  A goblin (D:2)
  2 hobgoblins
  A quokka (D:2)
  3 ball pythons
  A frilled lizard (D:1)
  2 kobolds (D:1)
  A rat (D:1)
20 creatures vanquished.

Notes
Turn   | Place    | Note
-------+----------+-------------------------------------------
     0 | D:1      | Reached skill level 10 in Armour
     0 | D:1      | Oronoi the Gnoll Wanderer began the quest for the Orb.
     0 | D:1      | Oronoi set off with the following items: a +0 club, a +0
                  | buckler, a scroll of blinking, a +2 scale mail; and the
                  | following spell memorised: Slow; and the following spells
                  | available to memorise: Tukima's Dance.
     0 | D:1      | Reached XP level 1. HP: 13/13 MP: 4/4
   344 | D:1      | Reached XP level 2. HP: 16/19 MP: 5/5
  1554 | D:2      | Noticed Robin
  1562 | D:2      | Slain by a goblin

Illustrated notes

Levels and vault maps discovered:
D:1:      kennysheep_arrival_seaside, layout_basic
D:2:      layout_basic, uniq_robin

Skill      XL: |  1 |
---------------+----+-----
Armour         | | 10.4
Hexes          | 2 |  2.0
Fighting       | |  0.5
Short Blades   | |  0.5
Long Blades    | |  0.5
Axes           | |  0.5
Maces & Flails | |  0.5
Polearms       | |  0.5
Staves         | |  0.5
Ranged Weapons | |  0.5
Throwing       | |  2.5
Dodging        | |  0.5
Stealth        | |  0.5
Shields        | |  4.5
Unarmed Combat | |  0.5
Spellcasting   | |  2.7
Conjurations   | |  0.4
Summonings     | |  0.4
Necromancy     | |  0.4
Translocations | |  0.4
Transmutations | |  0.4
Fire Magic     | |  0.4
Ice Magic      | |  0.4
Air Magic      | |  0.4
Earth Magic    | |  0.4
Poison Magic   | |  0.4
Invocations    | |  0.7
Evocations     | |  0.5
Shapeshifting  | |  0.5

Action                     || total
---------------------------++-------
  Melee: Club              ||   111
         Bite              ||     4
    Use: Scroll            ||     4
 Armour: Chain mail        ||   111
         Scale mail        ||    19
  Dodge: Dodged            ||    56
  Block: Buckler           ||    32

Table legend: (Time is in decaauts)
 A = Elapsed time spent in this place.
 B = Non-inter-level travel time spent in this place.
 C = Inter-level travel time spent in this place.
 D = Time resting spent in this place.
 E = Time spent auto-exploring this place.
 F = Levels seen in this place.
 G = Mean time per level.
                   A        B        C        D        E       F      G
               +--------+--------+--------+--------+--------+-----+--------+
         Total |   1596 |    281 |   1315 |      0 |      0 |   2 |  798.0 |
       Dungeon |   1596 |    281 |   1315 |      0 |      0 |   2 |  798.0 |
               +--------+--------+--------+--------+--------+-----+--------+

Top non-repeatable levels by time:
     D:1: 1110 daAuts
     D:2: 485 daAuts
